Get step-by-step instructions on how to execute this build order below. Start the game timer, and the build order will tick by so you can play in parallel with StarCraft on a second screen or mobile device.

Game Time

  0:00

Last Step

  N/A

Next Step

Upcoming Step



Don't want to look back and forth between 2 screens? Try out our Overwolf App, the Spawning Tool Build Advisor to get an in-game overlay with this build!

Complete Build Order

  12  0:02  Drone  
  13  0:14  Overlord  
  13  0:26  Drone  
  14  0:33  Drone x2  
  16  0:39  Drone  
  17  0:55  Drone  
  18  1:04  Hatchery  
  17  1:11  Drone  
  17  1:12  Drone  
  19  1:25  Drone  
  19  1:28  Extractor  
  19  1:30  Spawning Pool  
  18  1:34  Drone  
  19  1:53  Drone x2  
  21  2:15  Extractor  
  20  2:27  Drone x3  
  20  2:28  Drone x2  
  20  2:29  Queen  
  27  3:00  Drone  
  27  3:01  Overlord x5  
  28  3:12  Extractor  
  27  3:13  Queen  
  27  3:14  Roach Warren  
  28  3:21  Lair  
  28  3:23  Drone x2  
  30  3:33  Zergling x6  
  33  3:46  Zergling x2  
  34  3:50  Metabolic Boost  
  34  4:01  Hatchery  
  33  4:07  Drone x2  
  33  4:08  Drone  
  36  4:10  Spore Crawler  
  36  4:11  Spore Crawler  
  34  4:21  Glial Reconstitution  
  34  4:23  Roach x2  
  38  4:29  Hydralisk Den  
  37  4:31  Drone  
  38  4:58  Nydus Network  
  36  5:06  Grooved Spines  
  36  5:07  Hydralisk x2  
  40  5:22  Drone x6  
  40  5:24  Drone x2  
  40  5:25  Extractor  
  40  5:26  Queen  
  49  5:34  Evolution Chamber  
  48  5:36  Nydus Canal  
  48  5:42  Drone  
  49  5:48  Hydralisk x2  
  53  5:59  Zerg Missile Weapons Level 1  
  53  6:05  Nydus Canal  
  53  6:08  Drone x2  
  55  6:11  Drone x3  
  55  6:15  Drone x3  
  55  6:17  Drone x2  
  63  6:21  Muscular Augments  
  63  6:31  Nydus Canal  
  63  6:38  Drone  
  64  6:41  Extractor  
  64  6:42  Drone x3  
  66  6:47  Drone x2  
  66  6:48  Hydralisk  
  66  6:49  Hydralisk  
  72  7:05  Evolution Chamber  
  72  7:06  Drone  
  72  7:07  Drone  
  73  7:09  Overlord  
  73  7:10  Overlord x4  
  73  7:11  Extractor  
  73  7:13  Overseer  
  72  7:23  Spore Crawler  
  72  7:27  Spore Crawler  
  70  7:31  Hydralisk x2, Spore Crawler  
  70  7:32  Hydralisk x4  
  81  7:42  Nydus Canal  
  81  7:44  Pneumatized Carapace  
  81  7:46  Drone x3  
  84  8:00  Overlord x2  
  84  8:08  Nydus Canal  
  83  8:17  Hatchery  
  80  8:30  Nydus Canal  
  80  8:31  Zergling x2, Hydralisk  
  80  8:32  Zergling x8, Hydralisk x2, Roach  
  80  8:33  Zergling x8, Hydralisk, Roach  
  94  8:44  Nydus Canal  
  77  9:00  Nydus Canal  
  76  9:09  Overseer x2  
  76  9:12  Zerg Ground Armor Level 1  
  76  9:14  Drone x2  
  76  9:15  Drone  
  76  9:17  Drone x3  
  81  9:19  Burrow  
  81  9:21  Extractor  
  76  9:41  Hydralisk x6  
  88  9:46  Queen x3  
  90  10:01  Nydus Canal  
  83  10:22  Nydus Canal  
  83  10:25  Hydralisk  
  83  10:26  Hydralisk x8  
  97  10:33  Overseer  
  95  10:49  Nydus Canal  
  95  10:56  Infestation Pit, Drone  
  95  10:57  Drone